 Dungeon Crawl Stone Soup version 0.25-a0-364-ge76b031baf (webtiles) character file.

Game seed: 2437183643215070658, levelgen mode: deterministic

27 Inarius the Charlatan (level 2, -1/21 HPs)
             Began as a Demonspawn Artificer on Jan 4, 2020.
             Succumbed to an adder's poison
             ... on level 2 of the Dungeon.
             The game lasted 00:01:18 (1191 turns).

Inarius the Charlatan (Demonspawn Artificer)        Turns: 1191, Time: 00:01:18

Health: -1/21      AC:  8    Str: 11 (12) XL:     2   Next: 93%
Magic:  4/4        EV:  5    Int: 11 (12) God:
Gold:   63         SH:  0    Dex: 14 (15) Spells: 1/1 levels left

rFire    + . .     SeeInvis .   a - +0 short sword
rCold    + . .     Gourm    .   (no shield)
rNeg     . . .     Faith    .   i - +0 chain mail
rPois    .         Spirit   .   (helmet restricted)
rElec    .         Reflect  .   l - scarf {rC+ rF+}
rCorr    .         Harm     .   (no gloves)
MR       .....                  (no boots)
Stlth    ..........             (no amulet)
HPRegen  0.07/turn              k - ring of wizardry
MPRegen  0.09/turn              (no ring)

@: lethally poisoned (-1 -> -16)
A: antennae 1, agile 1, powered by pain 1
a: no special abilities


You were on level 2 of the Dungeon.
You were not hungry.

You visited 1 branch of the dungeon, and saw 2 of its levels.

You collected 63 gold pieces.

Inventory:

Hand Weapons
 a - a +0 short sword (weapon)
Armour
 b - a +0 leather armour
 i - a +0 chain mail (worn)
 l - a scarf of resistance (worn)
Jewellery
 k - a ring of wizardry (left hand)
Wands
 c - a wand of flame (15)
 d - a wand of enslavement (15)
 e - a wand of random effects (15)
Scrolls
 g - 3 scrolls of identify {unknown}
 m - a scroll of blinking {unknown}
 n - 3 scrolls of remove curse {unknown}
 p - 2 scrolls of teleportation {unknown}
Potions
 j - a potion of mutation
Comestibles
 f - 6 rations
 h - 5 chunks of flesh


   Skills:
 + Level 1.4 Fighting
 - Level 0.8 Short Blades
 + Level 1.0 Armour
 + Level 2.6 Dodging
 - Level 0.8 Stealth
 - Level 3.0 Evocations


You had one spell level left.
You didn't know any spells.
Your spell library was empty.

Dungeon Overview and Level Annotations

Branches:
Dungeon (2/15)

Altars:


Innate Abilities, Weirdness & Mutations

You sometimes gain a little power by taking damage.
You have a pair of small antennae on your head.
You are agile. (Dex +2)


Message History

The adder is severely wounded.
The adder barely misses you.
You completely miss the adder.
The adder is severely wounded.
* * * LOW HITPOINT WARNING * * *
You feel sick. The adder bites you.
* * * LOW HITPOINT WARNING * * *
You are more poisoned.
The adder poisons you!
It was a potion of mutation.
You feel extremely strange.
You feel agile. A pair of antennae grows on your head!
* * * LOW HITPOINT WARNING * * *
You feel sick. The adder bites you.
* * * LOW HITPOINT WARNING * * *
The adder bites you but does no damage.
Unknown command.
It was a potion of degeneration.
There was something very wrong with that liquid.
You feel weakened.
You feel dopey.
You feel clumsy.
You die...

.# #.#
.# ...
.# ...
.# ..
####
..#
#.#
#@#
#S#
...
##...
#...#
.....
#...##
#...#


You could see an adder.

Vanquished Creatures
  3 dart slugs
  A leopard gecko (D:1)
  2 hobgoblins (D:1)
  2 bats (D:1)
  A frilled lizard (D:1)
  3 goblins (D:2)
  5 kobolds (D:1)
  4 rats (D:1)
21 creatures vanquished.

Notes
Turn   | Place    | Note
-------+----------+-------------------------------------------
     0 | D:1      | Inarius the Demonspawn Artificer began the quest for the
                  | Orb.
     0 | D:1      | Reached XP level 1. HP: 15/15 MP: 3/3
   352 | D:1      | Gained mutation: You sometimes gain a little power by
                  | taking damage. [demonic ancestry]
   352 | D:1      | Reached XP level 2. HP: 21/21 MP: 4/4
  1115 | D:2      | Reached skill level 1 in Armour
  1190 | D:2      | Gained mutation: You are agile. (Dex +2) [potion of
                  | mutation]
  1190 | D:2      | Gained mutation: You have a pair of small antennae on your
                  | head. [potion of mutation]
  1190 | D:2      | HP: 1/21 [adder (2)]
  1191 | D:2      | Succumbed to an adder's poison

Levels and vault maps discovered:
D:1:      dpeg_arrival_windows_large_door, layout_loops_corners
D:2:      layout_loops_ring, bloody_makhleb, kennysheep_generic_room_14

Skill      XL: |  1  2 |
---------------+-------+-----
Dodging        | 2 |  2.6
Armour         | 1 |  1.0
Fighting       | |  1.4
Short Blades   | |  0.8
Stealth        | |  0.8
Evocations     | |  3.0

Action                   || total
-------------------------++-------
Melee: Short sword       ||   115
  Use: Potion            ||     2
  Eat: Chunk             ||     1
Armor: Chain mail        ||    54
       Leather armour    ||     2
Dodge: Dodged            ||    42

Table legend:
 A = Non-vault XP
 B = Vault XP
 C = Vault XP percentage of total XP
 D = Non-vault monster count
 E = Vault monster count
 F = Vault count percentage of total count
                 A         B        C        D         E       F
            +---------+---------+-------+---------+---------+-------
      Total |      39 |       0 |   0.0 |      21 |       0 |   0.0
            +---------+---------+-------+---------+---------+-------
        D:1 |      30 |       0 |   0.0 |      17 |       0 |   0.0
        D:2 |       9 |       0 |   0.0 |       4 |       0 |   0.0
            +---------+---------+-------+---------+---------+-------
